AoeStats
← nicerboi

Arabia

508958911Analyzed
4v4 RM · 8d ago on Sep 24, 2026· 28m 9s· 8 players
Game mode
Random Map
Map size
Large (8 player)
Population
200
Speed
Normal
Resources
Standard
Victory
Conquest
Starting age
Dark Age
Ending age
Imperial Age
RankedLock teamsTeams togetherTeam positionsShared explorationLock speedFull tech treeHidden civsTurbo modeCheats
Victory
Defeat
🇨🇴 Maya · Colombia
1291
+16
🇧🇷 Poles · Brazil
1282
+16
🇨🇱 Ethiopians · Chile
1272
+17
🇦🇷 Magyars · Argentina
1187
+21
🇩🇪 Lithuanians · Germany
1304
-18
🇨🇳 Ethiopians · China
1294
-18
🇳🇱 Franks · Netherlands
1278
-17
🇩🇪 Saracens · Germany
1277
-17
tchesgos
7:16 Loom
9:37 Feudal Age
10:54 Double-Bit Axe
10:49 Horse Collar
16:53 Scale Barding Armor
17:40 Bloodlines
19:41 Wheelbarrow
19:39 Forging
23:23 Castle Age
21:48 Gold Mining
21:49 Stone Mining
24:29 Bow Saw
24:20 Heavy Plow
25:41 Szlachta Privileges
25:38 Husbandry
25:59 Chain Barding Armor
28:26 Iron Casting
JAGR fran
7:22 Loom
9:32 Feudal Age
10:09 Double-Bit Axe
21:09 Castle Age
19:26 Horse Collar
20:25 Bloodlines
21:47 Scale Barding Armor
22:13 Bow Saw
22:19 Husbandry
JAGR | juankof
0:26 Loom
9:21 Feudal Age
15:10 Fletching
16:46 Double-Bit Axe
25:19 Castle Age
26:12 Wheelbarrow
25:23 Crossbowman
25:59 Bodkin Arrow
Lautaro_aoe
6:23 Loom
9:06 Feudal Age
9:21 Man-at-Arms
10:45 Double-Bit Axe
13:37 Fletching
14:21 Horse Collar
21:28 Castle Age
20:38 Gold Mining
20:49 Padded Archer Armor
21:32 Crossbowman
22:08 Bodkin Arrow
23:38 Ballistics
23:38 Town Watch
26:12 Leather Archer Armor
28:05 Wheelbarrow
nicerboi
5:24 Loom
8:32 Feudal Age
9:03 Double-Bit Axe
9:31 Horse Collar
20:33 Scale Barding Armor
20:39 Bloodlines
20:42 Forging
24:23 Castle Age
23:14 Fletching
24:08 Town Watch
nikias.marquardt
6:56 Loom
10:16 Feudal Age
17:14 Fletching
17:45 Double-Bit Axe
18:52 Padded Archer Armor
24:10 Castle Age
23:23 Horse Collar
24:11 Crossbowman
24:54 Bodkin Arrow
26:01 Leather Archer Armor
28:31 Ballistics
Schrutef4rms
5:51 Loom
10:18 Feudal Age
9:14 Loom
10:46 Double-Bit Axe
14:49 Forging
16:15 Scale Barding Armor
25:19 Castle Age
24:46 Gold Mining
26:52 Chain Barding Armor
27:55 Iron Casting
true my word i
6:35 Loom
9:43 Feudal Age
10:23 Double-Bit Axe
12:23 Fletching
16:29 Horse Collar
20:20 Padded Archer Armor
27:24 Castle Age
Connection lost

Rejoining the realm…

Still unreachable

The connection could not be restored.

Session expired

The server has moved on; the page needs a fresh start.